 Dungeon Crawl Stone Soup version 0.18-a0-1078-gebb93d0 (webtiles) character file.

43 xgamer67 the Sneak (level 3, -17/24 HPs)
             Began as an Octopode Assassin on Jan 14, 2016.
             Was an Initiate of Zin.
             Demolished by Oozefury's ghost (18 damage)
             ... on level 3 of the Dungeon.
             The game lasted 00:05:51 (1532 turns).

xgamer67 the Sneak (Octopode Assassin)              Turns: 1532, Time: 00:05:51

Health: -17/24     AC:  1    Str: 10    XL:     3   Next: 58%
Magic:  3/3        EV: 12    Int: 14    God:    Zin [......]
Gold:   40         SH:  0    Dex: 13    Spells: 0 memorised, 2 levels left

rFire  . . .     SeeInvis .     a - +3 short sword (flame)
rCold  . . .     Gourm    .     (no shield)
rNeg   . . .     Faith    .     (helmet restricted)
rPois  .         Spirit   .     (no amulet)
rElec  .         Dismiss  .     h - ring of flight
rCorr  .         Reflect  .     (no ring)
SustAt .         Harm     .     (no ring)
MR     .....                    (no ring)
Stlth  +++++.....               (no ring)
                                (no ring)
                                (no ring)
                                (no ring)

@: not resistant to hostile enchantments, quite stealthy
A: almost no armour, amphibious, 8 rings, constrict 8, camouflage 1, gelatinous
body 1
a: Donate Gold, Renounce Religion, Evoke Flight


You were on level 3 of the Dungeon.
You worshipped Zin.
Zin was noncommittal.
You were not hungry.

You visited 1 branch of the dungeon, and saw 4 of its levels.

You collected 44 gold pieces.
You donated 4 gold pieces to Zin.

Inventory:

Hand Weapons
 a - a +3 short sword of flaming (weapon)
 b - a +0 blowgun
 g - a +2 dagger
Missiles
 d - a curare-tipped needle
 e - 61 stones (quivered)
Jewellery
 h - a ring of flight (left tentacle)
Scrolls
 m - a scroll of fog {unknown}
 o - 2 scrolls of enchant armour {unknown}
Potions
 i - a potion of haste {unknown}
 j - a potion of might {unknown}
 l - a potion of agility {unknown}
 n - a potion of cancellation {unknown}
Comestibles
 f - a bread ration
 k - a meat ration
 p - a chunk of flesh


   Skills:
 - Level 2.1 Fighting
 - Level 2.0 Short Blades
 - Level 2.3 Throwing
 - Level 1.4 Dodging
 + Level 6.5 Stealth


You had 2 spell levels left.
You didn't know any spells.

Dungeon Overview and Level Annotations

Branches:
Dungeon (4/15)
 Temple: D:4-7

Altars:
Okawaru
Zin

Shops:
D:2 *

Annotations:
D:3 Oozefury's ghost, amateur DDFi
D:4 exclusion: phantom


Innate Abilities, Weirdness & Mutations

You cannot wear most types of armour.
You are amphibious.
You can wear up to eight rings at the same time.
You can use your tentacles to constrict eight enemies at once.
Your skin changes colour to match your surroundings (Stealth).
Your rubbery body absorbs attacks (AC +1).


Message History

You see here a leather armour.
You miss something. Something hits you.
You bump into the rock wall.
Something hits you.
You bump into the rock wall.
You bump into the rock wall.
You're too confused to move!
You feel less confused. The orc wizard hits you with a dagger.
* * * LOW HITPOINT WARNING * * *
The orc wizard gestures at you while chanting.
The puff of frost misses you.
There is a stone staircase leading up here.
The orc wizard gestures at you while chanting.
The puff of flame hits you!
* * * LOW HITPOINT WARNING * * *
You climb upwards.
Level annotation: Oozefury's ghost, amateur DDFi Oozefury's ghost hits you!!
Ouch! That really hurt!
You die...

### ### #.#
........# .... ..
#.# ........#
.....#. #.# #
.....(.###### #.# #
............# #.#
.#.....####.####.#
.......####....#'##
r......#.........W#
.......'........@.#
.......#..........#
...##.............#
..$ ...####+#######
..


You could see Oozefury's ghost.

Vanquished Creatures
  An adder (D:2)
  A worm (D:2)
  A giant gecko (D:4)
  3 orcs (D:4)
  2 giant cockroaches
  6 goblins
  3 hobgoblins
  2 bats
  2 giant newts
  3 kobolds
  A rat (D:1)
25 creatures vanquished.

Notes
Turn   | Place    | Note
--------------------------------------------------------------
     0 | D:1      | xgamer67 the Octopode Assassin began the quest for the Orb.
     0 | D:1      | Reached XP level 1. HP: 14/14 MP: 1/1
   406 | D:1      | Reached XP level 2. HP: 19/19 MP: 2/2
  1030 | D:2      | Found an iron altar of Okawaru.
  1179 | D:2      | Reached skill level 6 in Stealth
  1179 | D:2      | Reached XP level 3. HP: 16/24 MP: 3/3
  1254 | D:2      | Found Zin's Purification Station.
  1256 | D:2      | Found a glowing silver altar of Zin.
  1264 | D:2      | Became a worshipper of Zin the Law-Giver
  1321 | D:3      | Noticed Oozefury's ghost (amateur DDFi)
  1430 | D:4      | Noticed a phantom
  1531 | D:4      | HP: 1/24 [orc wizard/puff of flame (6)]
  1532 | D:3      | Demolished by Oozefury's ghost

Vault maps used:
D:1:      dpeg_arrival_castle
D:2:      zin_purify, nicolae_overflow_crystal_walls
D:3:      lemuel_coloured_pillars_altar, ecumenical_altar_1, first_bread
D:4:      serial_glass, glass_columns_a, glass_columns_a, serial_bayou_pond_d

Action                   || total
-------------------------++-------
Melee: Dagger            ||     6
       Short sword       ||    28
 Fire: Blowgun           ||    15
Throw: Stone             ||    10
 Stab: Distracted        ||     3
       Sleeping          ||     5
  Eat: Chunk             ||     2
